2746 views
Uploaded 2021-09-13 14:46:09
Game version 1.32.10
19:28 long 3on3 ladder game on (6)ThunderLake_LV
Saved by xzz
2746 views
Uploaded 2021-09-13 14:46:09
Game version 1.32.10
19:28 long 3on3 ladder game on (6)ThunderLake_LV

81 units @ 10.9k
/ 1.6k
55 buildings @ 8.7k
/ 4.4k


| Potion of Healing | 4 | 600 |
| total: | 4 | 600g |
| Wisp | 22 | 1320 | / | 0 |
| Archer | 10 | 1300 | / | 100 |
| Dryad | 5 | 725 | / | 300 |
| Druid of the Talon | 2 | 290 | / | 40 |
| Chimaera | 1 | 330 | / | 70 |
| total: | 40 | 3965g | / | 510w |
| Altar of Elders | 1 | 180 | / | 50 |
| Moon Well | 8 | 1440 | / | 320 |
| Ancient of War | 1 | 150 | / | 60 |
| Hunter's Hall | 1 | 210 | / | 100 |
| Ancient of Wonders | 2 | 180 | / | 60 |
| Tree of Life | 1 | 340 | / | 185 |
| Ancient of Wind | 1 | 150 | / | 140 |
| Ancient of Lore | 2 | 310 | / | 290 |
| Chimaera Roost | 3 | 420 | / | 570 |
| Tree of Ages | 1 | 320 | / | 180 |
| Tree of Eternity | 1 | 330 | / | 200 |
| total: | 20 | 3380g | / | 1775w |
| 0:02 | Wisp |
| 0:07 | Altar of Elders |
| 0:09 | Wisp |
| 0:18 | Moon Well |
| 0:20 | Wisp |
| 0:32 | Ancient of War |
| 0:39 | Wisp |
| 0:40 | Wisp |
| 1:33 | Moon Well |
| 1:35 | Archer |
| 1:44 | Archer |
| 1:45 | Archer |
| 2:20 | Archer |
| 2:26 | Wisp |
| 2:26 | Wisp |
| 2:27 | Wisp |
| 2:27 | Wisp |
| 2:51 | Mana Burn |
| 2:52 | Archer |
| 3:45 | Tree of Ages |
| 5:56 | Moon Well |
| 6:11 | Ancient of Wind |
| 6:13 | Wisp |
| 6:14 | Wisp |
| 6:14 | Wisp |
| 6:15 | Wisp |
| 6:15 | Wisp |
| 7:08 | Hunter's Hall |
| 7:19 | Ancient of Wonders |
| 7:34 | Entangling Roots |
| 7:59 | Wisp |
| 8:14 | Ancient of Lore |
| 8:18 | Ancient of Lore |
| 8:26 | Potion of Healing |
| 8:37 | Moon Well |
| 9:06 | Evasion |
| 9:10 | Tree of Life |
| 9:20 | Moon Well |
| 9:36 | Dryad |
| 9:37 | Archer |
| 10:01 | Dryad |
| 10:20 | Tree of Eternity |
| 10:45 | Potion of Healing |
| 11:04 | Force of Nature |
| 11:22 | Dryad |
| 11:22 | Dryad |
| 11:35 | Mana Burn |
| 11:51 | Potion of Healing |
| 12:16 | Dryad |
| 12:47 | Potion of Healing |
| 12:59 | Chimaera Roost |
| 13:02 | Wisp |
| 13:03 | Wisp |
| 13:03 | Wisp |
| 13:03 | Wisp |
| 13:03 | Wisp |
| 13:09 | Chimaera Roost |
| 13:10 | Chimaera Roost |
| 13:20 | Moon Well |
| 13:34 | Druid of the Talon |
| 13:34 | Druid of the Talon |
| 13:38 | Force of Nature |
| 13:53 | Archer |
| 13:53 | Archer |
| 13:53 | Archer |
| 13:54 | Archer |
| 15:08 | Strength of the Wild |
| 15:16 | Moon Well |
| 15:22 | Chimaera |
| 15:36 | Evasion |
| 15:37 | Entangling Roots |
| 15:41 | Wisp |
| 15:42 | Wisp |
| 15:46 | Ancient of Wonders |
| 15:55 | Moon Well |
| Right click | 645 |
| Select group | 363 |
| Select | 284 |
| Build/train/purchase | 71 |
| Misc. action | 51 |
| Assign group | 38 |
| Use ability | 31 |
| Minimap ping | 16 |
| Chat | 9 |
| Esc | 1 |

| Healing Salve | 6 | 600 |
| Scroll of Speed | 4 | 200 |
| Lesser Clarity Potion | 3 | 210 |
| Potion of Healing | 2 | 300 |
| Orb of Lightning | 1 | 375 |
| Scroll of Town Portal | 2 | 700 |
| total: | 18 | 2385g |
| Peon | 10 | 750 | / | 0 |
| Kodo Beast | 7 | 1785 | / | 420 |
| total: | 17 | 2535g | / | 420w |
| Watch Tower | 10 | 1100 | / | 800 |
| Altar of Storms | 1 | 180 | / | 50 |
| Orc Burrow | 4 | 640 | / | 160 |
| Voodoo Lounge | 3 | 390 | / | 90 |
| War Mill | 1 | 205 | / | 0 |
| Great Hall | 1 | 385 | / | 185 |
| Beastiary | 3 | 435 | / | 420 |
| Tauren Totem | 1 | 135 | / | 155 |
| Stronghold | 2 | 630 | / | 380 |
| Fortress | 1 | 325 | / | 190 |
| total: | 24 | 3470g | / | 1860w |
| 0:07 | Peon |
| 0:07 | Peon |
| 0:09 | Altar of Storms |
| 0:11 | Orc Burrow |
| 0:28 | Peon |
| 0:52 | Peon |
| 1:01 | Voodoo Lounge |
| 1:04 | Peon |
| 1:26 | Peon |
| 1:46 | Peon |
| 1:52 | Stronghold |
| 2:07 | War Mill |
| 2:16 | Healing Salve |
| 2:29 | War Stomp |
| 3:24 | Scroll of Speed |
| 3:35 | Lesser Clarity Potion |
| 4:24 | Beastiary |
| 4:28 | Beastiary |
| 4:32 | Watch Tower |
| 4:36 | Peon |
| 4:40 | Watch Tower |
| 4:44 | Peon |
| 4:47 | Orc Burrow |
| 5:11 | Peon |
| 5:21 | Beastiary |
| 5:40 | Orc Burrow |
| 5:45 | Kodo Beast |
| 6:32 | Kodo Beast |
| 6:36 | Watch Tower |
| 6:50 | Endurance Aura |
| 7:13 | Kodo Beast |
| 8:04 | Lesser Clarity Potion |
| 8:04 | Scroll of Speed |
| 8:07 | Healing Salve |
| 9:07 | Kodo Beast |
| 9:27 | Great Hall |
| 9:54 | Scroll of Town Portal |
| 12:08 | Kodo Beast |
| 12:13 | Watch Tower |
| 12:15 | Watch Tower |
| 12:17 | Watch Tower |
| 12:18 | Watch Tower |
| 12:19 | Watch Tower |
| 12:57 | Scroll of Speed |
| 12:57 | Scroll of Town Portal |
| 12:58 | Potion of Healing |
| 12:59 | Lesser Clarity Potion |
| 13:12 | Healing Salve |
| 13:12 | Healing Salve |
| 13:48 | War Stomp |
| 14:37 | Kodo Beast |
| 15:45 | Reinforced Defenses |
| 15:48 | Watch Tower |
| 15:49 | Fortress |
| 16:31 | Endurance Aura |
| 16:53 | Kodo Beast |
| 16:59 | Watch Tower |
| 17:21 | Spiked Barricades |
| 17:57 | Stronghold |
| 18:03 | Tauren Totem |
| 18:08 | Orc Burrow |
| 18:13 | Orb of Lightning |
| 18:14 | Scroll of Speed |
| 18:18 | Voodoo Lounge |
| 18:20 | Voodoo Lounge |
| 18:25 | Potion of Healing |
| 18:28 | Healing Salve |
| 18:28 | Healing Salve |
| 18:41 | War Drums Damage Increase |
| 18:48 | Improved Spiked Barricades |
| Right click | 764 |
| Select | 301 |
| Chat | 96 |
| Build/train/purchase | 74 |
| Use ability | 65 |
| Select group | 56 |
| Assign group | 12 |
| Minimap ping | 2 |
| Misc. action | 1 |
| Remove unit | 1 |


| Potion of Healing | 1 | 150 |
| Potion of Mana | 1 | 200 |
| Scroll of Town Portal | 2 | 700 |
| total: | 4 | 1050g |
| Acolyte | 3 | 225 | / | 0 |
| Ghoul | 3 | 360 | / | 0 |
| Crypt Fiend | 17 | 3655 | / | 680 |
| Gargoyle | 1 | 175 | / | 30 |
| total: | 24 | 4415g | / | 710w |
| Spirit Tower | 3 | 435 | / | 120 |
| Altar of Darkness | 1 | 180 | / | 50 |
| Ziggurat | 5 | 750 | / | 250 |
| Graveyard | 1 | 215 | / | 0 |
| Crypt | 1 | 200 | / | 50 |
| Tomb of Relics | 1 | 130 | / | 30 |
| Boneyard | 2 | 350 | / | 400 |
| Halls of the Dead | 1 | 320 | / | 210 |
| Black Citadel | 1 | 325 | / | 230 |
| total: | 11 | 1825g | / | 780w |
| 0:04 | Acolyte |
| 0:04 | Acolyte |
| 0:04 | Acolyte |
| 0:08 | Altar of Darkness |
| 0:16 | Ziggurat |
| 0:49 | Graveyard |
| 1:07 | Crypt |
| 1:24 | Ziggurat |
| 2:11 | Carrion Beetles |
| 2:17 | Ghoul |
| 2:17 | Ghoul |
| 2:17 | Ghoul |
| 2:28 | Ziggurat |
| 2:45 | Tomb of Relics |
| 3:12 | Crypt Fiend |
| 3:38 | Crypt Fiend |
| 4:10 | Crypt Fiend |
| 4:26 | Spirit Tower |
| 4:50 | Spirit Tower |
| 5:40 | Crypt Fiend |
| 5:40 | Crypt Fiend |
| 5:53 | Ziggurat |
| 6:23 | Crypt Fiend |
| 6:47 | Crypt Fiend |
| 7:07 | Halls of the Dead |
| 7:19 | Crypt Fiend |
| 7:33 | Impale |
| 8:36 | Crypt Fiend |
| 8:36 | Crypt Fiend |
| 8:39 | Creature Attack |
| 8:40 | Creature Carapace |
| 8:42 | Spirit Tower |
| 9:30 | Web |
| 10:12 | Impale |
| 10:16 | Gargoyle |
| 10:16 | Crypt Fiend |
| 10:26 | Crypt Fiend |
| 10:31 | Death Coil |
| 10:56 | Crypt Fiend |
| 10:56 | Crypt Fiend |
| 11:47 | Black Citadel |
| 11:52 | Ziggurat |
| 12:36 | Crypt Fiend |
| 13:38 | Improved Creature Attack |
| 13:45 | Potion of Healing |
| 13:45 | Potion of Mana |
| 14:10 | Scroll of Town Portal |
| 14:47 | Crypt Fiend |
| 14:49 | Unholy Aura |
| 15:06 | Crypt Fiend |
| 15:28 | Death Coil |
| 15:39 | Boneyard |
| 15:43 | Boneyard |
| 16:10 | Scroll of Town Portal |
| 16:41 | Spiked Carapace |
| Right click | 609 |
| Select group | 374 |
| Select | 175 |
| Build/train/purchase | 59 |
| Assign group | 31 |
| Use ability | 23 |
| Chat | 14 |
| Remove unit | 2 |
98 units @ 15.3k
/ 1.9k
43 buildings @ 5.8k
/ 1.9k



| Scroll of Regeneration | 1 | 100 |
| Lesser Clarity Potion | 1 | 70 |
| total: | 2 | 170g |
| Peasant | 9 | 675 | / | 0 |
| Footman | 5 | 675 | / | 0 |
| Spell Breaker | 5 | 1075 | / | 150 |
| Gryphon Rider | 4 | 1120 | / | 280 |
| Knight | 4 | 980 | / | 240 |
| Harpy Windwitch | 1 | 240 | / | 30 |
| Centaur Outrunner | 1 | 195 | / | 0 |
| total: | 29 | 4960g | / | 700w |
| Scout Tower | 1 | 30 | / | 20 |
| Arcane Tower | 1 | 70 | / | 50 |
| Altar of Kings | 1 | 180 | / | 50 |
| Barracks | 2 | 320 | / | 120 |
| Farm | 11 | 880 | / | 220 |
| Arcane Vault | 1 | 130 | / | 30 |
| Lumber Mill | 1 | 120 | / | 0 |
| Blacksmith | 2 | 280 | / | 120 |
| Arcane Sanctum | 1 | 150 | / | 140 |
| Gryphon Aviary | 1 | 140 | / | 150 |
| Keep | 1 | 320 | / | 210 |
| Castle | 1 | 360 | / | 210 |
| total: | 21 | 2230g | / | 850w |
| 0:06 | Peasant |
| 0:06 | Peasant |
| 0:07 | Peasant |
| 0:11 | Altar of Kings |
| 0:24 | Barracks |
| 0:39 | Farm |
| 0:42 | Peasant |
| 0:55 | Peasant |
| 0:55 | Peasant |
| 1:08 | Farm |
| 1:26 | Footman |
| 1:34 | Footman |
| 1:38 | Scout Tower |
| 1:46 | Peasant |
| 1:55 | Farm |
| 2:04 | Footman |
| 2:16 | Summon Water Elemental |
| 2:17 | Peasant |
| 2:37 | Footman |
| 2:38 | Peasant |
| 2:41 | Arcane Tower |
| 2:55 | Footman |
| 3:49 | Keep |
| 3:49 | Defend |
| 4:02 | Arcane Vault |
| 4:53 | Lumber Mill |
| 5:40 | Scroll of Regeneration |
| 5:40 | Lesser Clarity Potion |
| 5:58 | Farm |
| 6:08 | Blacksmith |
| 6:24 | Farm |
| 6:45 | Barracks |
| 6:46 | Farm |
| 6:55 | Farm |
| 7:31 | Brilliance Aura |
| 7:39 | Harpy Windwitch |
| 7:40 | Centaur Outrunner |
| 8:02 | Frost Arrows |
| 8:30 | Farm |
| 8:35 | Improved Lumber Harvesting |
| 8:38 | Arcane Sanctum |
| 9:03 | Gryphon Aviary |
| 9:08 | Farm |
| 9:12 | Castle |
| 10:21 | Spell Breaker |
| 10:21 | Control Magic |
| 10:40 | Summon Water Elemental |
| 10:50 | Forked Lightning |
| 11:46 | Spell Breaker |
| 11:48 | Gryphon Rider |
| 11:49 | Gryphon Rider |
| 11:49 | Storm Hammers |
| 11:52 | Blacksmith |
| 13:03 | Summon Lava Spawn |
| 13:10 | Knight |
| 13:10 | Knight |
| 13:11 | Animal War Training |
| 13:31 | Spell Breaker |
| 15:15 | Gryphon Rider |
| 15:15 | Gryphon Rider |
| 15:16 | Knight |
| 15:19 | Spell Breaker |
| 15:32 | Farm |
| 16:22 | Spell Breaker |
| 16:23 | Knight |
| 16:26 | Farm |
| Right click | 491 |
| Select | 231 |
| Select group | 161 |
| Build/train/purchase | 86 |
| Minimap ping | 44 |
| Assign group | 42 |
| Use ability | 9 |
| Misc. action | 2 |
| Remove unit | 1 |


| Acolyte | 4 | 300 | / | 0 |
| Ghoul | 6 | 720 | / | 0 |
| Crypt Fiend | 15 | 3225 | / | 600 |
| Gargoyle | 1 | 175 | / | 30 |
| total: | 26 | 4420g | / | 630w |
| Nerubian Tower | 1 | 100 | / | 20 |
| Altar of Darkness | 1 | 180 | / | 50 |
| Ziggurat | 6 | 900 | / | 300 |
| Graveyard | 1 | 215 | / | 0 |
| Crypt | 1 | 200 | / | 50 |
| Tomb of Relics | 1 | 130 | / | 30 |
| Temple of the Damned | 1 | 155 | / | 140 |
| Sacrificial Pit | 1 | 75 | / | 150 |
| Halls of the Dead | 1 | 320 | / | 210 |
| total: | 12 | 1855g | / | 720w |
| 0:06 | Acolyte |
| 0:06 | Acolyte |
| 0:06 | Acolyte |
| 0:12 | Altar of Darkness |
| 0:26 | Ziggurat |
| 0:46 | Acolyte |
| 1:00 | Graveyard |
| 1:37 | Crypt |
| 1:43 | Tomb of Relics |
| 2:16 | Ziggurat |
| 2:18 | Ziggurat |
| 2:26 | Ziggurat |
| 2:33 | Carrion Beetles |
| 2:40 | Ghoul |
| 2:40 | Ghoul |
| 3:03 | Nerubian Tower |
| 3:17 | Ghoul |
| 3:17 | Ghoul |
| 4:37 | Ghoul |
| 4:37 | Ghoul |
| 4:42 | Unholy Strength |
| 4:43 | Unholy Armor |
| 4:43 | Creature Carapace |
| 4:43 | Creature Attack |
| 4:45 | Backpack |
| 4:47 | Cannibalize |
| 5:16 | Halls of the Dead |
| 5:38 | Impale |
| 5:46 | Crypt Fiend |
| 5:51 | Ziggurat |
| 6:12 | Crypt Fiend |
| 7:03 | Crypt Fiend |
| 7:15 | Crypt Fiend |
| 7:18 | Ziggurat |
| 8:00 | Crypt Fiend |
| 8:07 | Crypt Fiend |
| 8:32 | Crypt Fiend |
| 8:32 | Web |
| 11:01 | Crypt Fiend |
| 11:01 | Crypt Fiend |
| 11:27 | Frost Nova |
| 12:30 | Improved Unholy Strength |
| 12:30 | Improved Unholy Armor |
| 12:31 | Improved Creature Attack |
| 12:31 | Improved Creature Carapace |
| 12:35 | Temple of the Damned |
| 13:13 | Crypt Fiend |
| 13:13 | Burrow |
| 15:01 | Gargoyle |
| 15:03 | Crypt Fiend |
| 15:03 | Crypt Fiend |
| 15:10 | Crypt Fiend |
| 15:49 | Sacrificial Pit |
| 15:51 | Crypt Fiend |
| 16:10 | Crypt Fiend |
| Right click | 758 |
| Select | 169 |
| Build/train/purchase | 57 |
| Use ability | 4 |
| Remove unit | 1 |


| Healing Salve | 2 | 200 |
| Lesser Clarity Potion | 1 | 70 |
| Scroll of Speed | 1 | 50 |
| total: | 4 | 320g |
| Peon | 8 | 600 | / | 0 |
| Grunt | 7 | 1400 | / | 0 |
| Troll Headhunter | 28 | 3920 | / | 560 |
| total: | 43 | 5920g | / | 560w |
| Altar of Storms | 1 | 180 | / | 50 |
| Barracks | 2 | 360 | / | 100 |
| Orc Burrow | 5 | 800 | / | 200 |
| War Mill | 1 | 205 | / | 0 |
| Voodoo Lounge | 1 | 130 | / | 30 |
| Stronghold | 1 | 315 | / | 190 |
| total: | 10 | 1675g | / | 380w |
| 0:02 | Peon |
| 0:11 | Altar of Storms |
| 0:12 | Barracks |
| 0:15 | Orc Burrow |
| 0:27 | Peon |
| 0:27 | Peon |
| 0:38 | Peon |
| 0:39 | Peon |
| 0:50 | Peon |
| 1:11 | Peon |
| 1:21 | Grunt |
| 1:21 | Grunt |
| 1:41 | Grunt |
| 2:03 | Orc Burrow |
| 2:19 | War Mill |
| 2:57 | Feral Spirit |
| 3:06 | Grunt |
| 3:11 | Orc Burrow |
| 4:18 | Grunt |
| 4:20 | Voodoo Lounge |
| 4:23 | Troll Headhunter |
| 4:27 | Peon |
| 4:30 | Barracks |
| 4:44 | Stronghold |
| 5:24 | Healing Salve |
| 5:25 | Lesser Clarity Potion |
| 5:25 | Scroll of Speed |
| 5:29 | Healing Salve |
| 5:33 | Orc Burrow |
| 5:49 | Troll Headhunter |
| 5:50 | Troll Headhunter |
| 5:56 | Troll Headhunter |
| 7:04 | Troll Headhunter |
| 7:04 | Troll Headhunter |
| 7:05 | Troll Headhunter |
| 7:27 | Troll Regeneration |
| 7:28 | Steel Ranged Weapons |
| 8:05 | Troll Headhunter |
| 9:18 | Drunken Haze |
| 9:23 | Troll Headhunter |
| 9:23 | Troll Headhunter |
| 9:24 | Troll Headhunter |
| 9:24 | Troll Headhunter |
| 9:24 | Troll Headhunter |
| 9:33 | Orc Burrow |
| 9:37 | Chain Lighting |
| 10:59 | Troll Headhunter |
| 11:00 | Troll Headhunter |
| 11:00 | Troll Headhunter |
| 11:00 | Troll Headhunter |
| 12:28 | Feral Spirit |
| 13:42 | Troll Headhunter |
| 13:42 | Troll Headhunter |
| 13:42 | Troll Headhunter |
| 13:42 | Troll Headhunter |
| 13:42 | Troll Headhunter |
| 13:42 | Troll Headhunter |
| 14:57 | Breath of Fire |
| 15:28 | Troll Headhunter |
| 15:28 | Troll Headhunter |
| 15:29 | Troll Headhunter |
| 15:29 | Troll Headhunter |
| 15:29 | Troll Headhunter |
| 15:47 | Grunt |
| 15:49 | Grunt |
| Right click | 658 |
| Select | 279 |
| Build/train/purchase | 80 |
| Misc. action | 68 |
| Use ability | 18 |
| Minimap ping | 11 |
| Assign group | 8 |
| Select group | 6 |
| Remove unit | 4 |
⇛